 Dungeon Crawl Stone Soup version 0.27.0-1-g7a089689b8 (webtiles) character file.

Game seed: 9178008498835740996

420 Sin92 the Skirmisher (level 6, -1/48 HPs)
             Began as a Demonspawn Fighter on Aug 3, 2021.
             Slain by a centaur (4 damage)
             ... on level 5 of the Dungeon.
             The game lasted 00:12:15 (4557 turns).

Sin92 the Skirmisher (Demonspawn Fighter)           Turns: 4557, Time: 00:12:15

Health: -1/48      AC: 12    Str: 18      XL:     6   Next: 62%
Magic:  6/6        EV:  8    Int: 10      God:
Gold:   273        SH:  9    Dex: 13 (14) Spells: 5/5 levels left

rFire    + . .     SeeInvis .   k - +3 hand axe (vorpal)
rCold    . . .     Faith    .   c - +0 kite shield
rNeg     . . .     Spirit   .   r - +1 scale mail {rF+}
rPois    .         Reflect  .   n - +0 helmet
rElec    .         Harm     .   o - +0 cloak
rCorr    .         Rampage  .   j - +0 pair of gloves
Will     .....                  p - +0 pair of boots
Stlth    ++........             (no amulet)
HPRegen  0.16/turn              (no ring)
MPRegen  0.20/turn              (no ring)

@: no status effects
A: claws 1, thin skeletal structure 1, magic regeneration
a: no special abilities


You were on level 5 of the Dungeon.
You visited 1 branch of the dungeon, and saw 5 of its levels.

You collected 273 gold pieces.

Inventory:

Hand Weapons
 a - a +0 war axe
 k - a +3 vorpal hand axe (weapon)
Missiles
 g - 5 silver javelins (quivered)
Armour
 b - a +0 scale mail
 c - a +0 kite shield (worn)
 j - a +0 pair of gloves (worn)
 n - a +0 helmet (worn)
 o - a +0 cloak (worn)
 p - a +0 pair of boots (worn)
 r - a +1 scale mail of fire resistance (worn)
Wands
 d - a wand of iceblast (4)
Scrolls
 e - a scroll of fear {unknown}
 h - 2 scrolls of amnesia {unknown}
 i - a scroll of fog {unknown}
 l - a scroll of identify {unknown}
 s - a scroll of teleportation {unknown}
Potions
 f - a potion of lignification {unknown}
 m - a potion of curing
 q - a potion of cancellation {unknown}


   Skills:
 + Level 4.0 Fighting
 * Level 3.6 Axes
 + Level 3.5 Armour
 + Level 2.1 Dodging
 + Level 2.0 Stealth
 + Level 3.7 Shields


You had 5 spell levels left.
You didn't know any spells.
Your spell library contained the following spells:

 Spells                   Type           Power      Damage    Failure   Level
 Slow                     Hex            0%         N/A       100%        2
 Confusing Touch          Hex            0%         N/A       100%        3
 Vampiric Draining        Necr           0%         2d6       100%        3


Dungeon Overview and Level Annotations

Branches:
Dungeon (5/15)
 Temple: D:4-7

Altars:
Dithmenos
Gozag
Kikubaaqudgha
Ru


Innate Abilities, Weirdness & Mutations

You have sharp fingernails.
You have a somewhat thin skeletal structure. (Dex +2, Stealth+)
You regenerate magic rapidly.


Message History

The jackal bites you but does no damage.
You block the hound's attack.
You slash the hound!
The hound is heavily wounded.
You closely miss the centaur. You closely miss the jackal.
The centaur hits you but does no damage.
The centaur kicks you but does no damage.
You block the jackal's attack. You block the hound's attack.
The centaur hits you but does no damage.
You block the centaur's attack. The jackal misses you.
The hound barely misses you.
The centaur shouts!
You hit the centaur.
The centaur is lightly wounded.
You hit the jackal.
You kill the jackal!
Your shield and scale mail prevent you from hitting the hound.
The centaur hits you but does no damage.
The centaur closely misses you.
The centaur wields a +0 shortbow.
The centaur shoots an arrow.
The arrow hits you! The hound bites you but does no damage.
The centaur hits you but does no damage.
The centaur kicks you but does no damage.
The hound bites you.
The centaur shoots an arrow.
The arrow hits you!
* * * LOW HITPOINT WARNING * * *
The centaur hits you but does no damage.
The centaur kicks you but does no damage.
You feel your dexterity returning.
The centaur shoots an arrow.
The arrow barely misses you. The centaur closely misses you.
The centaur kicks you but does no damage.
You barely miss the hound.
The hound is heavily wounded.
You hit the centaur. The hound bites you but does no damage.
The centaur hits you.
* * * LOW HITPOINT WARNING * * *
The centaur closely misses you. The hound bites you.
* * * LOW HITPOINT WARNING * * *
The centaur shoots an arrow.
You block the arrow. The centaur hits you.
You die...

. #.... ..# .#
.......# .. ...
...# #.
.......#.
##.##.#.#.#.. #
.:......... ..
#.#c#.#.#..
...##.@h).?....
.......#.#.#.#..
..).....>......#
.......#.#.#.#.#
.......†<#.# ..
.....###.<.# ..
....c ....... |
..... ..........
#. #####......


You could see 2 centaurs and a hound.

Vanquished Creatures
  A black bear (D:5)
  2 orc priests
  Crazy Yiuf (D:3)
  Ijyb (D:3)
  Terence (D:3)
  A scorpion zombie (D:5)
  An iguana (D:4)
  3 adders
  A worm (D:3)
  11 dart slugs
  13 orcs
  8 ball pythons
  3 bats
  2 endoplasms (D:2)
  3 giant cockroaches
  8 goblins
  5 hobgoblins
  A jackal (D:5)
  4 quokkas
  2 frilled lizards (D:2)
  3 kobolds
  3 rats
78 creatures vanquished.

Vanquished Creatures (others)
  3 fungi (D:3)
3 creatures vanquished.

Grand Total: 81 creatures vanquished

Notes
Turn   | Place    | Note
-------+----------+-------------------------------------------
     0 | D:1      | Sin92 the Demonspawn Fighter began the quest for the Orb.
     0 | D:1      | Reached XP level 1. HP: 18/18 MP: 1/1
   290 | D:1      | Gained mutation: You have a somewhat thin skeletal
                  | structure. (Dex +2, Stealth+) [demonic ancestry]
   290 | D:1      | Reached XP level 2. HP: 18/24 MP: 2/2
  1485 | D:2      | Reached skill level 1 in Dodging
  1485 | D:2      | Gained mutation: You have sharp fingernails. [demonic
                  | ancestry]
  1485 | D:2      | Reached XP level 3. HP: 29/29 MP: 3/3
  1837 | D:3      | HP: 1/29 [poisoned by an adder]
  1851 | D:3      | Reached XP level 4. HP: 19/35 MP: 4/4
  1855 | D:3      | Noticed Ijyb
  1873 | D:3      | Killed Ijyb
  2078 | D:3      | Reached skill level 1 in Stealth
  2290 | D:3      | Identified a scroll of acquirement
  2290 | D:3      | Acquired a +3 vorpal hand axe
  2366 | D:3      | Found a faded altar of an unknown god.
  2406 | D:3      | Gained mutation: You regenerate magic rapidly. [demonic
                  | ancestry]
  2406 | D:3      | Reached XP level 5. HP: 22/41 MP: 5/5
  2587 | D:3      | Found a shadowy altar of Dithmenos.
  2587 | D:3      | Found a sacrificial altar of Ru.
  2864 | D:3      | Noticed Terence
  2876 | D:3      | Killed Terence
  3211 | D:3      | Found a runed translucent door.
  3212 | D:3      | Noticed Crazy Yiuf
  3221 | D:3      | Killed Crazy Yiuf
  3706 | D:4      | Reached XP level 6. HP: 35/48 MP: 6/6
  4366 | D:4      | Found an ancient bone altar of Kikubaaqudgha.
  4514 | D:5      | Entered Level 5 of the Dungeon
  4514 | D:5      | Found an opulent altar of Gozag.
  4539 | D:5      | Reached skill level 4 in Fighting
  4557 | D:5      | Slain by a centaur

Illustrated notes

Levels and vault maps discovered:
D:1:      minmay_arrival_shattered_statue, layout_basic,
          minmay_misc_feat_secret_circle
D:2:      layout_rooms, hex_intersection, minivault_27
D:3:      kennysheep_slugbush, layout_basic, gammafunk_temple_overflow_wave,
          basic_ecumenical_altar, st_stairs_6, uniq_terence,
          uniq_crazy_yiuf_cottage, uniq_ijyb
D:4:      layout_gridville, lemuel_round_altar, minmay_misc_feat_four_crosses
D:5:      layout_rooms, grunt_temple_overflow_forces_of_nature,
          mainiacjoe_overflow_alcove_2, okawaru_gym_becter,
          amcnicky_altar_gilded, kennysheep_small_spiral, st_stairs_8

Skill      XL: |  1  2  3  4  5  6 |
---------------+-------------------+-----
Axes           | 2 3 |  3.6
Dodging        | 1 2 |  2.1
Shields        | 3 |  3.7
Armour         | 3 |  3.5
Stealth        | 1 2 |  2.0
Fighting       | 4 |  4.0

Action                   |  1- 3 |  4- 6 || total
-------------------------+-------+-------++-------
Melee: War axe           |   120 |    31 ||   151
       Hand axe          |       |   122 ||   122
  Use: Potion            |     4 |     1 ||     5
       Scroll            |       |     2 ||     2
 Stab: Invisible         |     5 |     1 ||     6
Armor: Scale mail        |    69 |    89 ||   158
Dodge: Dodged            |    58 |    67 ||   125
Block: Kite shield       |    73 |    83 ||   156
